Unix xNetHack Version 7.1.0 - last build Jul 4 2022 02:09:00 (ec8469f2eb63cac24863ec985b09651f3a72bf9f). Game began 2022-07-05 09:05:28, ended 2022-07-05 09:20:29. Raisse, neutral female gnomish Wizard --------------- .......................**............. ---------- ------------.-----------).| ..------ .#...........................(....0|..| --..[[... | --------- -------.-------------.|..---..----.......-- |[....|.| |...| |.|[.....-- |.<.......| |(=_..|. |...| |.|..----- |.........- ||?...|.| ....| |.|. --......... | -------- |*..*0|.-----... |.|. |......... --.o.--.....--.------.|0 |.........{...G....{.....W)*......| | 000..W(..........--.---.--.| -----......-----... ...|.| |......| |.0.|...|.| |......| |. 0|...|. |...)(.| . 0...|.| -..(...- -- -----.| ........ 0| ------.--- .. Raisse the Conjurer St:10 Dx:14 Co:16 In:17 Wi:12 Ch:8 Neutral Dlvl:6 $:85 HP:0(50) Pw:25(39) AC:3 Xp:5/265 T:2849 Burdened Latest messages: You cannot drop something you are wearing. You cannot drop something you are wearing. That was all. Nmlkj's ghost becomes visible! You aren't scared. You miss nmlkj's ghost. In what direction? b Your clumsy kick does no damage. In what direction? b Your clumsy kick does no damage. In what direction? b You kick nmlkj's ghost. The kick passes harmlessly through. Nmlkj's ghost turns even more transparent. Nmlkj's ghost becomes visible! You aren't scared. Autopickup: OFF. There are many objects here. You see here a poisoned crude arrow. You hear the chime of a cash register. You see here 9 rocks. You have an eerie feeling... You see here a wooden tin opener. With great effort you move the boulder. You see here 2 daggers. You pierce the orc-captain. The orc-captain swings his curved sword. Nmlkj's ghost wakes up. The orc-captain hacks you! The orc-captain swings his curved sword. The orc-captain hacks you! In what direction? u The spell hits the orc-captain! The boulder falls apart. The orc-captain swings his curved sword. The orc-captain gashes you! The orc-captain swings his curved sword. The orc-captain slashes you! In what direction? u The spell hits the orc-captain! The orc-captain swings his curved sword. The orc-captain lacerates you! The orc-captain swings his curved sword. The orc-captain gashes you! You die... Do you want your possessions identified? [ynq] (y) y Do you want to see your attributes? [ynq] (y) y Do you want an account of creatures vanquished? [ynaq] (y) y Do you want to see your conduct and achievements? [ynq] (y) y Do you want to see the dungeon overview? [ynq] (y) y Major events: Turn 1: Raisse the neutral female gnomish Wizard entered the dungeon 923: attained the rank of Conjurer (level 3) 2189: entered the Gnomish Mines 2702: reached Mine Town 2849: killed by an orc-captain Inventory: Inventory: 764/700 weight (33/52 slots) Coins $ - 85 gold pieces {1} Amulets Y - an uncursed silver amulet of reflection {25} Weapons a - an uncursed +1 wooden dagger (weapon in hand) {3} g - 2 uncursed very rusty -1 orcish daggers (alternate weapons; not wielded) {20} k - an uncursed +0 elven bow {30} o - a blessed +1 quarterstaff {40} p - 20 uncursed +0 darts (at the ready) {20} J - an uncursed +0 crossbow {50} S - an uncursed +0 elven dagger {10} X - a blessed +0 elven dagger {10} Z - 2 uncursed +0 daggers {20} Armor A - an uncursed +0 mithril elven ring mail (being worn) {88} C - an uncursed +0 cloak of magic resistance (being worn) {8} H - an uncursed +0 dwarvish helm (being worn) {30} Comestibles e - 2 uncursed food rations {40} l - 2 uncursed lichen corpses {40} t - an uncursed cram ration {15} Scrolls E - a cursed scroll of confuse monster {5} F - a blessed scroll of taming {5} Q - an uncursed scroll of remove curse {5} Potions B - a cursed potion of hallucination {20} G - 2 uncursed potions of gain energy {40} I - an uncursed potion of restore ability {20} M - an uncursed potion of oil {20} P - an uncursed potion of gain ability {20} R - a blessed potion of sleeping {20} T - an uncursed potion of blindness {20} U - an uncursed potion of hallucination {20} Rings z - a cursed ring of searching {3} V - an uncursed ring of stealth {3} Wands w - an uncursed wand of nothing (0:6) {7} Tools i - a cursed tinning kit named pc (0:81) {100} q - an uncursed skeleton key {3} W - an uncursed silver pea whistle {3} Raisse the Wizard's attributes: Background: You were a Conjurer, a level 5 female gnomish Wizard. You were neutral, nominally on a mission for Thoth who was opposed by Ptah (lawful) and Anhur (chaotic). You were bisexual. You were in the Gnomish Mines, on level 6. You entered the dungeon 2849 turns ago. You had 265 experience points, 55 more were needed to attain level 6. Basics: You had 0 out of 50 hit points. You had 25 out of 39 energy points (spell power). Your armor class was 3. Your wallet contained 85 zorkmids. Autopickup was off. Final Characteristics: Your strength was 10 (limit:18/50). Your dexterity was 14 (limit:18). Your constitution was 16 (limit:18). Your intelligence was 17 (limit:19). Your wisdom was 12 (limit:18). Your charisma was 8 (limit:18). Final Status: You were not hungry. You were burdened; movement was slightly slowed. You were wielding a dagger. You had basic skill with dagger. Final Attributes: You were piously aligned. You were magic-protected. You saw invisible. You were telepathic. You had infravision. You were guarded. You are dead. Miscellaneous: You encountered 1 bones level. Total elapsed playing time was 15 minutes and 1 second. Vanquished creatures: a pony a gray ooze a floating eye a kitten 3 dwarves a homunculus a kobold shaman 5 hill orcs a rothe 2 giant bats 4 iguanas an acid blob a gas spore 5 hobbits a large kobold a yellow mold a green mold 4 gnomes 4 geckos 2 jackals 2 foxes 2 kobolds 5 goblins a sewer rat 2 lichens 6 newts 59 creatures vanquished. No species were genocided or became extinct. Voluntary challenges: You were an atheist. You read items or engraved 5 times. You never genocided any monsters. You never polymorphed an object. You never changed form. You never touched an artifact. You used no wishes. You never scared an enemy with impunity. You were celibate. You never generated conflict. Achievements: You attained the rank of Conjurer. You entered the Gnomish Mines. You entered Minetown. The Dungeons of Doom: levels 1 to 5 Level 1: Level 2: A fountain. Level 3: Stairs down to The Gnomish Mines. Level 4: A fountain, a grave, a tree. Level 5: The Gnomish Mines: levels 4 to 6 Level 4: "thiefstone in chest" Level 5: Level 6: <- You were here. An altar, some fountains, some graves. Final resting place for you, killed by an orc-captain, nmlkj-Wiz-Hum-Mal-Cha, killed by an orc-captain, while being terrified of a ghost, nmlkj-Wiz-Hum-Mal-Cha, killed by an invisible orc-captain. Game over: __________ / \ / REST \ / IN \ / PEACE \ / \ | Raisse | | 85 Au | | killed by an | | orc-captain | | | | | | 2022 | *| * * * | * _________)/\\_//(\/(/\)/\//\/|_)_______ Goodbye Raisse the Wizard... You died in The Gnomish Mines on dungeon level 6 with 1387 points, and 85 pieces of gold, after 2849 moves. You were level 5 with a maximum of 50 hit points when you died.